 Dungeon Sprint DCSS version 0.30.1-4-g462c640d31 (webtiles) character file.

Game seed: 8405408381086482667

20104 Heoruswealwe the Wrestler (level 12, -8/228 HPs)
             Began as a Troll Berserker on Aug 17, 2023.
             Was the Champion of Trog.
             Killed from afar by a golden dragon (56 damage)
             ... with a bolt of fire
             ... in the Dungeon (Sprint I: "Red Sonja").
             The game lasted 00:43:45 (2134 turns).

Heoruswealwe the Wrestler (Troll Berserker)         Turns: 2134, Time: 00:43:46

Health: -8/228     AC: 10    Str: 32    XL:     12   Next: 42%
Magic:  11/11      EV: 12    Int:  3    God:    Trog [******]
Gold:   2023       SH:  0    Dex:  7    Spells: 11/11 levels left

rFire   . .          .
                       - Unarmed
rCold   . . .        (no shield)
rNeg    . . .        l - +0 troll leather armour
rPois   .            i - +2 hat
rElec   .            (no cloak)
rCorr   .            (gloves unavailable)
SInv    .            (boots unavailable)
Will    .....        (no amulet) Stlth
                     m - ring of flight
HPRegen 2.18/turn    (no ring)
MPRegen 0.12/turn

%: no teleportation
@: berserking, lethally poisoned (-8 -> -96), flying, hasted, very quick
A: large, unfitting armour, claws 3, regeneration 1, shaggy fur 1, tough skin 1,
iridescent scales 1, clumsy 1, robust 1, no potion heal 1
a: Renounce Religion, Berserk, Trog's Hand, Brothers in Arms


You were in the Dungeon.
You worshipped Trog.
Trog was exalted by your worship.
You visited 1 branch You collected 4793 gold pieces.
You spent 2770 gold pieces at shops.

Inventory:

Armour
 i - a +2 hat (worn)
 l - a +0 troll leather armour (worn)
Jewellery
 m - a ring of flight (left claw)
Wands
 h - a wand of iceblast (10)
Scrolls
 a - 3 scrolls of silence
 e - 2 scrolls of immolation
 g - a scroll of blinking
 j - 7 scrolls of identify
 k - a scroll of enchant armour
Potions
 b - 7 potions of curing
 d - a potion of haste
 n - 5 potions of heal wounds
 s - a potion of cancellation
 t - a potion of lignification
Miscellaneous
 c - a lightning rod (4/4)


   Skills:
 + Level 14.2 Fighting
 + Level 14.2 Dodging
 * Level 22.6 Unarmed Combat


You had 11 spell levels left.
You didn't know any spells.
Your spell library was empty.

Dungeon Overview and Level Annotations

Branches:
Dungeon (1/1)

Altars:
Cheibriados
Dithmenos
Elyvilon
Fedhas
Gozag
Hepliaklqana
Kikubaaqudgha
Makhleb
Nemelex Xobeh
Okawaru
Qazlal
Ru
Sif Muna
Trog
Uskayaw
Vehumet
Wu Jian
Xom
Yredelemnul
Zin
The Shining One
Jiyva
Lugonu

Shops:
D *[(?([!:=!?!(:(==:[[:

Annotations:
D Tiamat


Innate Abilities, Weirdness & Mutations

You are too large for most types of armour.
You have claws for hands.
Your natural rate of healing is unusually fast.
You are covered in fur. (AC +1)
You have tough skin. (AC +1)
You are partially covered in iridescent scales. (AC +2)
You are clumsy. (Dex -2)
You are robust. (+10% HP)
Potions are less effective at restoring your health.


Message History

The golden dragon bites you!! The golden dragon misses you. x2
You scratch the golden dragon.
The golden dragon is moderately wounded.
You are engulfed in poison gas.
You are more poisoned.
You feel very sick.
You scratch the golden dragon. Your claw misses the golden dragon.
The golden dragon is moderately wounded.
You are engulfed in poison gas.
You are more poisoned.
You feel extremely sick.
You scratch the golden dragon.
The golden dragon is moderately wounded.
You are engulfed in poison gas.
You are more poisoned.
You feel extremely sick.
The golden dragon bites you but does no damage.
The golden dragon claws you! The golden dragon tramples you!
You hold your ground!
You are too berserk!
You scratch the golden dragon.
You claw the golden dragon, but do no damage.
The golden dragon is moderately wounded.
You are engulfed in poison gas.
You are more poisoned.
You feel extremely sick.
You mangle the golden dragon!!
The golden dragon is heavily wounded.
You are engulfed in poison gas.
You are more poisoned.
* * * LOW HITPOINT WARNING * * *
x2 You feel extremely sick.
You mangle the golden dragon!! Your claw misses the golden dragon.
The golden dragon is severely wounded.
You are engulfed in poison gas.
You are more poisoned.
* * * LOW HITPOINT WARNING * * *
x2 You feel extremely sick.
The golden dragon breathes fire at you. The bolt of fire hits you!!!
You die...

§.§§§§+..#..+.§§.#
.§.§§##..'..#.§.§##
#§§§#######+#..§.§#
###+#[).## #..§§.#
#y#.##...# ##.§..#
###..###.# ###+##
..##.#A#.# #○# ##+#
..#..###.#
##°#○§§§##
+##.##...#
#.@○°§§§.#
###..#+###
#..[D○°§§§.
.###...#
#....○§§§..
.#.###.#
#.....§§....
.○...#.#
#.....|.....
.°○..#.#
##..........
°○####'#
#$$$$$$$$$$
###.[..#
##$$$$$$$$#
#).[####


You could see a golden dragon (catching breath).

Vanquished Creatures
  A shadow dragon (D)
  4 fire giants (D)
  A lorocyproca (D)
  A hydra (D)
  2 centaur warriors (D)
  Sonja (D)
  A deep troll (D)
  A lindwurm (D)
  8 shining eyes (D)
  An oklob plant (D)
  4 demonic crawlers (D)
  A gargoyle (D)
  7 unseen horrors (D)
  2 kobold demonologists (D)
  A hornet (D)
  Sigmund (D)
  A slime creature (D)
  13 hogs (D)
  A yak (D)
  2 redbacks (D)
  7 floating eyes (D)
  An ogre (D)
  7 necrophages (D)
  8 jellies (D)
  Ijyb (D)
78 creatures vanquished.

Vanquished Creatures (others)
  2 ballistomycete spores (D)
2 creatures vanquished.

Grand Total: 80 creatures vanquished

Notes
Turn   | Place    | Note
-------+----------+-------------------------------------------
     0 | D        | Heoruswealwe the Troll Berserker began the quest for the
                  | Orb.
     0 | D        | Reached XP level 1. HP: 22/22 MP: 0/0
     1 | D        | Noticed Ijyb
     8 | D        | Killed Ijyb
     9 | D        | Reached skill level 5 in Unarmed Combat
     9 | D        | Reached XP level 2. HP: 5/31 MP: 1/1
    34 | D        | Noticed an ogre
    37 | D        | Killed an ogre
    38 | D        | Reached skill level 7 in Unarmed Combat
    38 | D        | Reached XP level 3. HP: 40/40 MP: 2/2
    38 | D        | Reached XP level 4. HP: 49/49 MP: 3/3
    70 | D        | Noticed Sigmund
    81 | D        | Killed Sigmund
    81 | D        | Reached ** piety under Trog
    82 | D        | Reached skill level 5 in Fighting
    82 | D        | Reached skill level 5 in Dodging
    82 | D        | Reached skill level 9 in Unarmed Combat
    82 | D        | Reached XP level 5. HP: 27/59 MP: 4/4
   122 | D        | Found a burning altar of Makhleb.
   122 | D        | Found a viscous altar of Jiyva.
   122 | D        | Found a shimmering altar of Xom.
   122 | D        | Found a corrupted altar of Lugonu.
   122 | D        | Noticed a slime creature
   126 | D        | Killed a slime creature
   127 | D        | Reached skill level 10 in Unarmed Combat
   127 | D        | Reached XP level 6. HP: 68/68 MP: 5/5
   146 | D        | Found an ornate altar of the Wu Jian Council.
   146 | D        | Found a shimmering blue altar of Sif Muna.
   148 | D        | Found a radiant altar of Vehumet.
   181 | D        | Found Emmudou's Magic Scroll Emporium.
   181 | D        | Found an ancient bone altar of Kikubaaqudgha.
   181 | D        | Found a hazy altar of Hepliaklqana.
   181 | D        | Found a stormy altar of Qazlal.
   181 | D        | Found a hide-covered altar of Uskayaw.
   181 | D        | Found a blossoming altar of Fedhas.
   181 | D        | Found a bloodstained altar of Trog.
   181 | D        | Found an iron altar of Okawaru.
   181 | D        | Found a basalt altar of Yredelemnul.
   181 | D        | Found a glowing golden altar of the Shining One.
   181 | D        | Found a snail-covered altar of Cheibriados.
   181 | D        | Found a sacrificial altar of Ru.
   181 | D        | Found a glowing silver altar of Zin.
   181 | D        | Found a shadowy altar of Dithmenos.
   181 | D        | Found a white marble altar of Elyvilon.
   181 | D        | Noticed a yak
   188 | D        | Killed a yak
   188 | D        | Reached *** piety under Trog
   189 | D        | Reached skill level 11 in Unarmed Combat
   189 | D        | Reached XP level 7. HP: 58/76 MP: 6/6
   189 | D        | Found an opulent altar of Gozag.
   190 | D        | Found a sparkling altar of Nemelex Xobeh.
   194 | D        | Bought a scroll of silence for 95 gold pieces
   194 | D        | Bought a scroll of immolation for 40 gold pieces
   194 | D        | Bought a scroll of identify for 20 gold pieces
   194 | D        | Bought a scroll of vulnerability for 40 gold pieces
   194 | D        | Bought a scroll of identify for 20 gold pieces
   194 | D        | Bought a scroll of silence for 95 gold pieces
   194 | D        | Bought a scroll of butterflies for 40 gold pieces
   194 | D        | Bought a scroll of identify for 20 gold pieces
   194 | D        | Bought a scroll of fear for 40 gold pieces
   220 | D        | Noticed a kobold demonologist
   220 | D        | Noticed a kobold demonologist
   227 | D        | Noticed a sixfirhy
   227 | D        | Noticed a hellwing
   228 | D        | Noticed a chaos spawn
   228 | D        | Killed a kobold demonologist
   229 | D        | Reached skill level 12 in Unarmed Combat
   230 | D        | Killed a kobold demonologist
   230 | D        | Reached **** piety under Trog
   231 | D        | Reached skill level 13 in Unarmed Combat
   231 | D        | Reached XP level 8. HP: 83/88 MP: 7/7
   246 | D        | Noticed a centaur warrior
   247 | D        | Noticed a centaur warrior
   266 | D        | Killed a centaur warrior
   267 | D        | Reached skill level 14 in Unarmed Combat
   270 | D        | Killed a centaur warrior
   271 | D        | Reached skill level 15 in Unarmed Combat
   271 | D        | Reached XP level 9. HP: 94/98 MP: 8/8
   411 | D        | Noticed a deep troll
   415 | D        | Killed a deep troll
   429 | D        | Found Aris's Armour Emporium.
   484 | D        | Noticed an oklob plant
   490 | D        | Killed an oklob plant
   490 | D        | Reached ***** piety under Trog
   491 | D        | Reached skill level 10 in Fighting
   491 | D        | Reached skill level 10 in Dodging
   491 | D        | Reached skill level 16 in Unarmed Combat
   515 | D        | Identified the +8 battleaxe "Feteot" {heavy, rPois} (Trog
                  | gifted it to you in the Dungeon)
   515 | D        | Received a gift from Trog
   551 | D        | Killed an unseen horror
   552 | D        | Reached XP level 10. HP: 38/111 MP: 9/9
   609 | D        | Reached skill level 17 in Unarmed Combat
   623 | D        | Paralysed by a floating eye for 4 turns
   636 | D        | Received a gift from Trog
   650 | D        | Reached ****** piety under Trog
   732 | D        | Noticed Sonja
   738 | D        | Killed Sonja
   818 | D        | Found Cualus's Assorted Antiques.
   826 | D        | Bought a potion of mutation for 168 gold pieces
   826 | D        | Bought a scroll labelled LOFYUCOGIS for 21 gold pieces
   826 | D        | Bought a scroll of identify for 42 gold pieces
   833 | D        | Noticed a shining eye
   833 | D        | Noticed a shining eye
   833 | D        | Noticed a shining eye
   836 | D        | Noticed a shining eye
   842 | D        | Killed a shining eye
   842 | D        | Paralysed by a floating eye for 3 turns
   843 | D        | Reached skill level 18 in Unarmed Combat
   848 | D        | Killed a shining eye
   850 | D        | Noticed a shining eye
   851 | D        | Killed a shining eye
   853 | D        | Killed a shining eye
   853 | D        | Received a gift from Trog
   854 | D        | Gained mutation: Armour fits poorly on your strangely
                  | shaped body. [a shining eye]
   857 | D        | Killed a shining eye
   858 | D        | Reached XP level 11. HP: 123/123 MP: 10/10
   860 | D        | Noticed a shining eye
   861 | D        | Noticed a shining eye
   861 | D        | Noticed a shining eye
   861 | D        | Gained mutation: You are vulnerable to cold. (rC-) [a
                  | shining eye]
   862 | D        | Paralysed by a floating eye for 2 turns
   863 | D        | Gained mutation: You are robust. (+10% HP) [a shining eye]
   864 | D        | Killed a shining eye
   865 | D        | Reached skill level 19 in Unarmed Combat
   870 | D        | Killed a shining eye
   870 | D        | Gained mutation: You sometimes lose your temper in combat.
                  | [a shining eye]
   873 | D        | Gained mutation: You have an uncontrollable temper. [a
                  | shining eye]
   874 | D        | Killed a shining eye
   879 | D        | Lost mutation: You have an uncontrollable temper. [potion
                  | of mutation]
   879 | D        | Lost mutation: You sometimes lose your temper in combat.
                  | [potion of mutation]
   879 | D        | Gained mutation: You are weak. (Str -2) [potion of
                  | mutation]
   879 | D        | Gained mutation: You are agile. (Dex +4, Str/Int -1)
                  | [potion of mutation]
   880 | D        | Lost mutation: Armour fits poorly on your strangely shaped
                  | body. [potion of mutation]
   880 | D        | Lost mutation: You are agile. (Dex +4, Str/Int -1) [potion
                  | of mutation]
   880 | D        | Lost mutation: You are weak. (Str -2) [potion of mutation]
   880 | D        | Gained mutation: Your magical capacity is low. (-10% MP)
                  | [potion of mutation]
   880 | D        | Gained mutation: You have a pair of small horns on your
                  | head. [potion of mutation]
   885 | D        | Found Muwuk's Weapon Shop.
   885 | D        | Found Daec's Antique Armour Shoppe.
   885 | D        | Found Lisakk's Armour Boutique.
   885 | D        | Found Daydghaa's Antique Weapon Emporium.
   996 | D        | Noticed a lindwurm
  1000 | D        | Killed a lindwurm
  1001 | D        | Reached skill level 20 in Unarmed Combat
  1008 | D        | Identified the +1 broad axe of Culudut {flame, Str+3} (Trog
                  | gifted it to you in the Dungeon)
  1008 | D        | Received a gift from Trog
  1021 | D        | Received a gift from Trog
  1047 | D        | Noticed a 12-headed hydra
  1051 | D        | Killed a 14-headed hydra
  1183 | D        | Found Girphoschi's Book Boutique.
  1183 | D        | Found Berph's Book Emporium.
  1183 | D        | Found Dicyitoo's Antique Armour Emporium.
  1185 | D        | Found Haapn's Jewellery Boutique.
  1185 | D        | Found Suff's Jewellery Shoppe.
  1185 | D        | Found Daethot's Antique Weapon Shop.
  1185 | D        | Found Hemia's Book Emporium.
  1185 | D        | Found Cuyrgh's Antique Weapon Boutique.
  1185 | D        | Found Pehuf's Distillery.
  1185 | D        | Found Arghiz's Magic Scroll Shop.
  1189 | D        | Bought an embroidered hat for 154 gold pieces
  1194 | D        | Found Gelur's Distillery.
  1195 | D        | Bought a ring of flight for 227 gold pieces
  1196 | D        | Found Xugaud's Jewellery Boutique.
  1196 | D        | Found Ashrel's Book Shoppe.
  1197 | D        | Found Miexewot's Distillery.
  1202 | D        | Bought a scroll of identify for 26 gold pieces
  1202 | D        | Bought a scroll of acquirement for 676 gold pieces
  1202 | D        | Bought a scroll of identify for 26 gold pieces
  1210 | D        | Bought a potion of mutation for 112 gold pieces
  1219 | D        | Lost mutation: You are vulnerable to cold. (rC-) [potion of
                  | mutation]
  1219 | D        | Lost mutation: You have a pair of small horns on your head.
                  | [potion of mutation]
  1219 | D        | Lost mutation: Your magical capacity is low. (-10% MP)
                  | [potion of mutation]
  1219 | D        | Gained mutation: Potions are less effective at restoring
                  | your health. [potion of mutation]
  1219 | D        | Gained mutation: You are clumsy. (Dex -2) [potion of
                  | mutation]
  1219 | D        | Gained mutation: You are partially covered in iridescent
                  | scales. (AC +2) [potion of mutation]
  1236 | D        | Acquired 824 gold pieces
  1252 | D        | Bought 2 potions of heal wounds for 140 gold pieces
  1252 | D        | Bought a potion of flight for 42 gold pieces
  1252 | D        | Bought a potion of attraction for 42 gold pieces
  1252 | D        | Bought a potion of heal wounds for 70 gold pieces
  1252 | D        | Bought a potion of heal wounds for 70 gold pieces
  1252 | D        | Bought 2 potions of curing for 84 gold pieces
  1254 | D        | Bought a potion of berserk rage for 50 gold pieces
  1254 | D        | Bought a potion of haste for 100 gold pieces
  1254 | D        | Bought a potion of brilliance for 40 gold pieces
  1254 | D        | Bought a potion of heal wounds for 50 gold pieces
  1254 | D        | Bought a potion of cancellation for 80 gold pieces
  1254 | D        | Bought a potion of lignification for 30 gold pieces
  1257 | D        | Bought a potion of haste for 110 gold pieces
  1356 | D        | Identified the +3 leather armour of the Red God {+Inv
                  | Int+3}
  1453 | D        | Killed a lorocyproca
  1453 | D        | Received a gift from Trog
  1454 | D        | Reached skill level 21 in Unarmed Combat
  1676 | D        | Noticed a daeva
  1694 | D        | Reached XP level 12. HP: 51/149 MP: 11/11
  1845 | D        | Noticed a fire giant
  1847 | D        | Noticed a fire giant
  1847 | D        | Noticed a fire giant
  1847 | D        | Noticed a fire giant
  1852 | D        | Killed a fire giant
  1852 | D        | Received a gift from Trog
  1856 | D        | Killed a fire giant
  1861 | D        | Killed a fire giant
  1862 | D        | Reached skill level 22 in Unarmed Combat
  1865 | D        | Killed a fire giant
  1865 | D        | Received a gift from Trog
  1947 | D        | Found the +4 dragonskin cloak
  1947 | D        | Noticed Tiamat
  1963 | D        | Identified the +1 robe of Gallantry {Regen+}
  2113 | D        | Noticed a shadow dragon
  2115 | D        | Noticed a golden dragon
  2123 | D        | Killed a shadow dragon
  2134 | D        | Killed from afar by a golden dragon

Illustrated notes

Levels and vault maps discovered:
D:        dungeon_sprint_1 [red_sonja_temple_1, red_sonja_temple_small_1]

Skill      XL: |  1  2  3  4  5  6  7  8  9 10 11 12 |
---------------+-------------------------------------+-----
Fighting       | 3 4 5 6 8 9 10 11 13 14 | 14.2
Dodging        | 3 4 5 6 8 9 10 11 13 14 | 14.2
Unarmed Combat | 5 7 9 10 11 13 15 16 18 21 22 | 22.6

Action                     |  1- 3 |  4- 6 |  7- 9 | 10-12 || total
---------------------------+-------+-------+-------+-------++-------
  Melee: Unarmed           |     8 |    24 |    47 |   165 ||   244
         Punch             |       |     1 |     1 |    21 ||    23
         Headbutt          |       |       |       |    10 ||    10
 Invoke: Berserk           |       |       |       |     4 ||     4
    Use: Potion            |     1 |       |     2 |     7 ||    10
         Scroll            |       |       |     3 |     6 ||     9
 Armour: Animal skin       |       |     1 |       |       ||     1
         Robe              |       |     2 |     3 |       ||     5
         Troll leather arm |       |       |    15 |    53 ||    68
  Dodge: Dodged            |       |     3 |    24 |    53 ||    80
